PCL
SAN JOSE MISSIONS @ HOUSTON HAMMERTIME
04/07/2027
 
TOP OF THE 1ST
San Jose Missions batting - Pitching for Houston Hammertime : RHP Jun Kawashima
Pitching: RHP Jun Kawashima
Batting: RHB Emílio Bruno 0-0: Ball
1-0: Called Strike
1-1: Fly out, F7 (Flyball, 7LSF)
Batting: RHB Ed Starr 0-0: Ball
1-0: Foul Ball, location: 2F
1-1: Ball
2-1: SINGLE (Line Drive, 8LM)
Batting: RHB Dale Taylor 0-0: Ball
1-0: Ball
2-0: Foul Ball, location: 2F
2-1: Fly out, F8 (Flyball, 8LD)
Batting: RHB Bob Orr 0-0: Ball
1-0: Foul Ball, location: 2F
1-1: Ball
2-1: Foul Ball, location: 2F
2-2: Ball
Ed Starr steals 2nd base
3-2: Foul Ball, location: 2F
3-2: Base on Balls
Batting: RHB Scott Merritt 0-0: Called Strike
0-1: Ball
1-1: Ground out 1-3 (Groundball, P)
Top of the 1st over - 0 run(s), 1 hit(s), 0 error(s), 2 left on base; San Jose 0 - Houston 0
BOTTOM OF THE 1ST
Houston Hammertime batting - Pitching for San Jose Missions : RHP Al Bernhardt
Pitching: RHP Al Bernhardt
Batting: RHB Dan Mason 0-0: Ball
1-0: Ball
2-0: Ball
3-0: Base on Balls
Batting: RHB Aaron Wilson 0-0: Ball
1-0: Called Strike
1-1: Swinging Strike
1-2: Ball
2-2: Grounds into double play, 5-4-3 (Groundball, 5)
Batting: LHB Tom Baker 0-0: Called Strike
0-1: Ball
1-1: Ball
2-1: Ball
3-1: Base on Balls
Batting: LHB Juan Cabañas 0-0: Ball
1-0: Called Strike
1-1: Swinging Strike
1-2: Foul Ball, location: 2F
1-2: Strikes out looking
Bottom of the 1st over - 0 run(s), 0 hit(s), 0 error(s), 1 left on base; San Jose 0 - Houston 0
TOP OF THE 2ND
San Jose Missions batting - Pitching for Houston Hammertime : RHP Jun Kawashima
Batting: RHB Andrew Benson 0-0: Swinging Strike
0-1: Ball
1-1: Foul Ball, location: 2F
1-2: Ground out 4-3 (Groundball, 4)
Batting: RHB Armando López 0-0: DOUBLE (Groundball, 5L)
Batting: RHB Jorge Fuentes 0-0: Ball
1-0: Foul Ball, location: 2F
1-1: Ball
2-1: Called Strike
2-2: Fly out, F4 (Popup, 34D)
Batting: RHB David Crespo 0-0: Ball
1-0: Foul Ball, location: 2F
1-1: Swinging Strike
1-2: Strikes out swinging
Top of the 2nd over - 0 run(s), 1 hit(s), 0 error(s), 1 left on base; San Jose 0 - Houston 0
BOTTOM OF THE 2ND
Houston Hammertime batting - Pitching for San Jose Missions : RHP Al Bernhardt
Batting: LHB Fernando Camacho 0-0: Called Strike
0-1: Ball
1-1: Foul Ball, location: 2F
1-2: Ball
2-2: Foul Ball, location: 2F
2-2: Foul Ball, location: 2F
2-2: Ball
3-2: Foul Ball, location: 2F
3-2: Foul Ball, location: 2F
3-2: Hit by Pitch
Batting: LHB Bill Murphy 0-0: Called Strike
0-1: Fielders Choice at 2nd, 1-6 (Groundball, 13S)
Batting: SHB Richard Bowman 0-0: Ball
1-0: Called Strike
1-1: Ball
2-1: Ball
3-1: Grounds into double play, 6-4-3 (Groundball, 6)
Bottom of the 2nd over - 0 run(s), 0 hit(s), 0 error(s), 0 left on base; San Jose 0 - Houston 0
TOP OF THE 3RD
San Jose Missions batting - Pitching for Houston Hammertime : RHP Jun Kawashima
Batting: RHB Emílio Bruno 0-0: Foul Ball, location: 2F
0-1: Ground out 3-1 (Groundball, 34)
Batting: RHB Ed Starr 0-0: Foul Ball, location: 2F
0-1: Ball
1-1: Ball
2-1: Ball
3-1: Called Strike
3-2: Base on Balls
Batting: RHB Dale Taylor 0-0: Called Strike
0-1: Ball
1-1: Swinging Strike
1-2: Strikes out swinging
Batting: RHB Bob Orr 0-0: Called Strike
0-1: Fly out, F9 (Flyball, 9D)
Top of the 3rd over - 0 run(s), 0 hit(s), 0 error(s), 1 left on base; San Jose 0 - Houston 0
BOTTOM OF THE 3RD
Houston Hammertime batting - Pitching for San Jose Missions : RHP Al Bernhardt
Batting: LHB Enrique Valentín 0-0: SINGLE (Groundball, 4MD)
Batting: RHB Alberto Chávez 0-0: Ball
1-0: Called Strike
1-1: Foul Ball, location: 2F
1-2: Foul Ball, location: 2F
1-2: Ball
2-2: DOUBLE (Line Drive, 8RXD)
Enrique Valentín to third
Batting: RHB Dan Mason 0-0: Ball
1-0: Ball
2-0: Called Strike
2-1: Ball
3-1: Called Strike
3-2: Base on Balls
Batting: RHB Aaron Wilson 0-0: Ball
1-0: Swinging Strike
1-1: Called Strike
1-2: Foul Ball, location: 2F
1-2: Strikes out swinging
Batting: LHB Tom Baker 0-0: Swinging Strike
0-1: Hit by Pitch
Enrique Valentín scores
Alberto Chávez to third
Dan Mason to second
Batting: LHB Juan Cabañas 0-0: Ball
1-0: Ball
2-0: Called Strike
2-1: Ball
3-1: Base on Balls
Alberto Chávez scores
Dan Mason to third
Tom Baker to second
Batting: LHB Fernando Camacho 0-0: Ball
1-0: Ball
2-0: Foul Ball, location: 2F
2-1: Ball
3-1: Called Strike
3-2: Fly out, F8 (Flyball, 8RXD)
Runner from 3rd tags up, SCORES, no throw
Batting: LHB Bill Murphy 0-0: Called Strike
0-1: Foul Ball, location: 2F
0-2: Ball
1-2: Foul Ball, location: 2F
1-2: Foul Ball, location: 2F
1-2: Foul Ball, location: 2F
1-2: Fly out, F7 (Flyball, 7LDF)
Bottom of the 3rd over - 3 run(s), 2 hit(s), 0 error(s), 2 left on base; San Jose 0 - Houston 3
TOP OF THE 4TH
San Jose Missions batting - Pitching for Houston Hammertime : RHP Jun Kawashima
Batting: RHB Scott Merritt 0-0: Ground out 3-1 (Groundball, 34)
Batting: RHB Andrew Benson 0-0: Ball
1-0: Called Strike
1-1: Ball
2-1: SOLO HOME RUN (Flyball, 7D), Distance : 355 ft
Batting: RHB Armando López 0-0: Ball
1-0: Ground out 6-3 (Groundball, 6)
Batting: RHB Jorge Fuentes 0-0: Ball
1-0: Ball
2-0: Called Strike
2-1: Called Strike
2-2: SINGLE (Groundball, 6MD)
Batting: RHB David Crespo 0-0: Called Strike
0-1: 2-RUN HOME RUN (Flyball, 78XD), Distance : 386 ft
Batting: RHB Emílio Bruno 0-0: Called Strike
0-1: Ball
1-1: Ball
2-1: SINGLE (Groundball, 4D)
Batting: RHB Ed Starr 0-0: Ball
1-0: Called Strike
1-1: Ball
2-1: Called Strike
2-2: Strikes out swinging
Top of the 4th over - 3 run(s), 4 hit(s), 0 error(s), 1 left on base; San Jose 3 - Houston 3
BOTTOM OF THE 4TH
Houston Hammertime batting - Pitching for San Jose Missions : RHP Al Bernhardt
Batting: SHB Richard Bowman 0-0: Foul Ball, location: 2F
0-1: Called Strike
0-2: Reached on error, E3 (Groundball, 3)
Batting: LHB Enrique Valentín 0-0: Fly out, F9 (Flyball, 9S)
Batting: RHB Alberto Chávez 0-0: Foul Ball, location: 2F
0-1: Ball
1-1: Foul Ball, location: 2F
1-2: DOUBLE (Flyball, 89D)
Richard Bowman to third
Batting: RHB Dan Mason 0-0: Ball
1-0: Called Strike
1-1: Foul Ball, location: 2F
1-2: Ball
2-2: Ball
3-2: Foul Ball, location: 2F
3-2: Ground out 5-3 (Groundball, 56)
Richard Bowman scores
Batting: RHB Aaron Wilson 0-0: Ball
1-0: Called Strike
1-1: Ground out 3-1 (Groundball, 34)
Bottom of the 4th over - 1 run(s), 1 hit(s), 1 error(s), 1 left on base; San Jose 3 - Houston 4
TOP OF THE 5TH
San Jose Missions batting - Pitching for Houston Hammertime : RHP Jun Kawashima
Batting: RHB Dale Taylor 0-0: Called Strike
0-1: Called Strike
0-2: Strikes out swinging
Batting: RHB Bob Orr 0-0: Fly out, F3 (Line Drive, 3)
Batting: RHB Scott Merritt 0-0: Called Strike
0-1: Called Strike
0-2: Ball
1-2: Ball
2-2: Hit by Pitch
Batting: RHB Andrew Benson 0-0: Swinging Strike
0-1: Foul Ball, location: 2F
0-2: Ball
1-2: Ball
2-2: Ball
3-2: Foul Ball, location: 2F
3-2: Ground out 5-3 (Groundball, 56)
Top of the 5th over - 0 run(s), 0 hit(s), 0 error(s), 1 left on base; San Jose 3 - Houston 4
BOTTOM OF THE 5TH
Houston Hammertime batting - Pitching for San Jose Missions : RHP Al Bernhardt
Batting: LHB Tom Baker 0-0: Called Strike
0-1: Foul Ball, location: 2F
0-2: SINGLE (Line Drive, 78S)
Pitching: RHP Miguel García
Batting: LHB Juan Cabañas 0-0: Ball
1-0: DOUBLE (Line Drive, 9LM)
Tom Baker to third
Batting: LHB Fernando Camacho 0-0: Foul Ball, location: 2F
0-1: Ball
1-1: Ball
2-1: SINGLE (Line Drive, 9LS)
Tom Baker scores
Juan Cabañas to third
Batting: LHB Bill Murphy 0-0: Called Strike
0-1: Swinging Strike
0-2: Ball
1-2: Strikes out swinging
Batting: SHB Richard Bowman 0-0: Ball
1-0: Called Strike
1-1: Ball
2-1: Called Strike
2-2: SINGLE (Groundball, 6MD)
Juan Cabañas scores
Fernando Camacho to second
Batting: LHB Enrique Valentín 0-0: Fly out, F8 (Flyball, 8LM)
Batting: RHB Alberto Chávez 0-0: Called Strike
0-1: Called Strike
0-2: Ball
1-2: Ball
2-2: 3-RUN HOME RUN (Flyball, 78XD), Distance : 374 ft
Pitching: RHP Mark Bidwell
Batting: RHB Dan Mason 0-0: Called Strike
0-1: Called Strike
0-2: Foul Ball, location: 2F
0-2: Foul Ball, location: 2F
0-2: Ground out 5-3 (Groundball, 5L)
Bottom of the 5th over - 5 run(s), 5 hit(s), 0 error(s), 0 left on base; San Jose 3 - Houston 9
TOP OF THE 6TH
San Jose Missions batting - Pitching for Houston Hammertime : RHP Jun Kawashima
Batting: RHB Armando López 0-0: Called Strike
0-1: Called Strike
0-2: Strikes out looking
Batting: RHB Jorge Fuentes 0-0: Fly out, F5 (Line Drive, 56)
Batting: RHB David Crespo 0-0: Ball
1-0: Fly out, F7 (Flyball, 78D)
Top of the 6th over - 0 run(s), 0 hit(s), 0 error(s), 0 left on base; San Jose 3 - Houston 9
BOTTOM OF THE 6TH
Houston Hammertime batting - Pitching for San Jose Missions : RHP Mark Bidwell
Batting: RHB Aaron Wilson 0-0: SINGLE (Line Drive, 9S)
Batting: LHB Tom Baker 0-0: Called Strike
0-1: Ball
1-1: Fly out, F7 (Flyball, 7S)
Batting: LHB Juan Cabañas 0-0: Called Strike
0-1: Ball
Aaron Wilson steals 2nd base
1-1: Called Strike
1-2: Foul Ball, location: 2F
1-2: SINGLE (Line Drive, 56D)
Aaron Wilson to third
Runner from 3rd tries for Home, throw and OUT!
Batting: LHB Fernando Camacho 0-0: Ball
1-0: 2-RUN HOME RUN (Flyball, 9D), Distance : 351 ft
Batting: LHB Bill Murphy 0-0: Called Strike
0-1: Ball
1-1: Foul Ball, location: 2F
1-2: Foul Ball, location: 2F
1-2: Foul Ball, location: 2F
1-2: Ball
2-2: SINGLE (Line Drive, 9LS)
Batting: SHB Richard Bowman 0-0: Ball
1-0: Ball
2-0: SINGLE (Line Drive, 4MD)
Bill Murphy to second
Batting: LHB Enrique Valentín 0-0: Called Strike
0-1: Ball
1-1: Ball
2-1: Ball
3-1: Base on Balls
Bill Murphy to third
Richard Bowman to second
Batting: RHB Alberto Chávez 0-0: Called Strike
0-1: Fly out, F9 (Flyball, 89M)
Bottom of the 6th over - 2 run(s), 5 hit(s), 0 error(s), 3 left on base; San Jose 3 - Houston 11
TOP OF THE 7TH
San Jose Missions batting - Pitching for Houston Hammertime : RHP Jun Kawashima
Batting: RHB Emílio Bruno 0-0: Fly out, F5 (Line Drive, 5)
Batting: RHB Ed Starr 0-0: Fly out, F8 (Flyball, 8LXD)
Batting: RHB Dale Taylor 0-0: Foul Ball, location: 2F
0-1: Ball
1-1: Ball
2-1: Ball
3-1: SINGLE (Groundball, 56D)
Pitching: LHP Martín Reyes
Batting: RHB Bob Orr 0-0: Ball
1-0: SINGLE (Groundball, 6MD)
Dale Taylor to second
Batting: RHB Scott Merritt 0-0: Ball
1-0: Called Strike
1-1: Fly out, F8 (Flyball, 8RD)
Top of the 7th over - 0 run(s), 2 hit(s), 0 error(s), 2 left on base; San Jose 3 - Houston 11
BOTTOM OF THE 7TH
Houston Hammertime batting - Pitching for San Jose Missions : RHP Mark Bidwell
Pitching: RHP Micheal Wood
Batting: RHB Dan Mason 0-0: Called Strike
0-1: Foul Ball, location: 2F
0-2: DOUBLE (Line Drive, 7LM)
Batting: RHB Aaron Wilson 0-0: Called Strike
0-1: Ball
1-1: Ball
2-1: SINGLE (Line Drive, 4M)
Dan Mason to third
Runner from 3rd tries for Home, SAFE, no throw
Batting: LHB Tom Baker 0-0: Ball
1-0: DOUBLE (Line Drive, 89XD)
Aaron Wilson to third
Runner from 3rd tries for Home, SAFE, no throw
Batting: LHB Juan Cabañas 0-0: Ball
1-0: Ball
2-0: Foul Ball, location: 2F
2-1: Foul Ball, location: 2F
2-2: Ball
3-2: Foul Ball, location: 2F
3-2: Fly out, F8 (Line Drive, 8RXD)
Runner from 2nd tags up, SAFE at 3rd, no throw
Batting: LHB Fernando Camacho 0-0: Ball
1-0: 2-RUN HOME RUN (Flyball, 9D), Distance : 348 ft
Pitching: RHP Larry West
Batting: LHB Bill Murphy 0-0: Foul Ball, location: 2F
0-1: Ball
1-1: Swinging Strike
1-2: Ground out 6-3 (Groundball, 6M)
Batting: SHB Richard Bowman 0-0: Ball
1-0: Foul Ball, location: 2F
1-1: Ground out 4-3 (Groundball, 4)
Bottom of the 7th over - 4 run(s), 4 hit(s), 0 error(s), 0 left on base; San Jose 3 - Houston 15
TOP OF THE 8TH
San Jose Missions batting - Pitching for Houston Hammertime : LHP Martín Reyes
Now at 1B: Domingo Matos
Batting: RHB Andrew Benson 0-0: Ball
1-0: Ball
2-0: Ball
3-0: Base on Balls
Batting: RHB Armando López 0-0: Called Strike
0-1: Ball
1-1: SINGLE (Line Drive, 78S)
Andrew Benson to second
Batting: RHB Jorge Fuentes 0-0: Called Strike
0-1: Foul Ball, location: 2F
0-2: Ball
1-2: Foul Ball, location: 2F
1-2: Foul Ball, location: 2F
1-2: Strikes out swinging
Batting: RHB David Crespo 0-0: Ball
1-0: Ball
2-0: Ball
3-0: Base on Balls
Andrew Benson to third
Armando López to second
Batting: RHB Emílio Bruno 0-0: Called Strike
0-1: Foul Ball, location: 2F
0-2: Strikes out swinging
Batting: RHB Ed Starr 0-0: Called Strike
0-1: Ball
1-1: Foul Ball, location: 2F
1-2: Strikes out looking
Top of the 8th over - 0 run(s), 1 hit(s), 0 error(s), 3 left on base; San Jose 3 - Houston 15
BOTTOM OF THE 8TH
Houston Hammertime batting - Pitching for San Jose Missions : RHP Larry West
Batting: LHB Enrique Valentín 0-0: Called Strike
0-1: SINGLE (Groundball, 56S) (infield hit)
Batting: RHB Alberto Chávez 0-0: Called Strike
0-1: Ball
1-1: Ball
2-1: Swinging Strike
2-2: Ball
3-2: Strikes out swinging
Batting: RHB Dan Mason 0-0: Foul Ball, location: 2F
0-1: Called Strike
0-2: Ball
1-2: Ball
2-2: SINGLE (Line Drive, 8LS)
Enrique Valentín to second
Batting: RHB Aaron Wilson 0-0: Foul Ball, location: 2F
0-1: Foul Ball, location: 2F
0-2: Strikes out swinging
Batting: LHB Tom Baker 0-0: Called Strike
0-1: Called Strike
0-2: Ball
1-2: Ball
2-2: Foul Ball, location: 2F
2-2: Strikes out swinging
Bottom of the 8th over - 0 run(s), 2 hit(s), 0 error(s), 2 left on base; San Jose 3 - Houston 15
TOP OF THE 9TH
San Jose Missions batting - Pitching for Houston Hammertime : LHP Martín Reyes
Batting: RHB Dale Taylor 0-0: Foul Ball, location: 2F
0-1: SOLO HOME RUN (Flyball, 8LXD), Distance : 436 ft
Batting: RHB Bob Orr 0-0: Called Strike
0-1: Foul Ball, location: 2F
0-2: Ball
1-2: Foul Ball, location: 2F
1-2: SINGLE (Groundball, 56D)
Batting: RHB Scott Merritt 0-0: Grounds into double play, 6-4-3 (Groundball, 6)
Batting: RHB Andrew Benson 0-0: Ball
1-0: Ball
2-0: Ball
3-0: Base on Balls
Batting: RHB Armando López 0-0: Called Strike
0-1: Called Strike
0-2: Ground out 6-3 (Groundball, 6M)
Top of the 9th over - 1 run(s), 2 hit(s), 0 error(s), 1 left on base; San Jose 4 - Houston 15
Thursday, March 30th, 2017 - OOTP Baseball 17.12 Build 75